 Dungeon Crawl Stone Soup version 0.31-a0-355-g57cb03d3e8 (webtiles) character file.

Game seed: 12591547579342643459

295 Newt the Ducker (level 6, 0/7 HPs)
             Began as a Draconian Shapeshifter on July 24, 2023.
             Slain by an orc priest
             ... wielding a +1 morningstar of venom
              (7 damage)
             ... on level 4 of the Dungeon.
             The game lasted 00:04:02 (2187 turns).

Newt the Ducker (Draconian Shapeshifter)            Turns: 2187, Time: 00:04:03

Health: 0/7        AC: 18    Str: 35    XL:     6   Next: 11%
Magic:  6/6        EV:  9    Int:  9    God:
Gold:   45         SH:  0    Dex: 11    Spells: 5/5 levels left

rFire   + +          .
                       - Unarmed
rCold   x . .        (shield currently unavailable)
rNeg    . . .        (body armour unavailable)
rPois   +            (helmet currently unavailable)
rElec   .            (cloak currently unavailable)
rCorr   .            (gloves currently unavailable)
SInv    .            (boots currently unavailable)
Will    .....        (no amulet)
Stlth   +            h - +6 ring of strength
HPRegen 0.21/turn    (no ring)
MPRegen 0.10/turn

%: no passive effects
@: dragon-form, flying
A: dragon claw, dragon scales, breathe fire, flying, reduced hp, AC +6, giant,
unfitting armour, (cold-blooded)
a: Breathe Fire, Begin Untransformation


You were on level 4 of the Dungeon.
You were a fearsome fire dragon!
You visited 1 branch of the dungeon, and saw 5 of its levels.

You collected 133 gold pieces.
You spent 88 gold pieces at shops.

Inventory:

Missiles
 f - 9 boomerangs
Jewellery
 h - a +6 ring of strength (left foreclaw)
 q - a ring of magical power
Talismans
 b - a beast talisman
 o - a dragon-blood talisman
Wands
 r - a wand of flame (3)
Scrolls
 d - 2 scrolls of teleportation
 j - 3 scrolls of fear
 k - a scroll of vulnerability
 m - a scroll of poison {unknown}
 s - a scroll of revelation
Potions
 a - 3 potions of lignification
 c - 2 potions of degeneration
 e - 3 potions of curing
 g - a potion of heal wounds
 i - 2 potions of resistance
 l - a potion of might
 p - 3 potions of brilliance {unknown}


   Skills:
 - Level 4.0 Fighting
 + Level 4.9 Dodging
 - Level 3.0 Unarmed Combat
 - Level 3.0 Shapeshifting


You had 5 spell levels left.
You didn't know any spells.
Your spell library contained the following spells:

 Spells                   Type           Power      Damage    Failure   Level
 Necrotise                Necr           0%         1d4       38%         1
 Slow                     Hex            0%         N/A       38%         1


Dungeon Overview and Level Annotations

Branches:
Dungeon (5/15)
 Temple: D:4-7

Altars:
Hepliaklqana
Kikubaaqudgha
Sif Muna
Vehumet

Shops:
D:2 [   D:3 [?

Annotations:
D:3 2 runed translucent doors, bahustanut's ghost, amateur OpSh


Innate Abilities, Weirdness & Mutations

You are a fearsome fire dragon!
You have a powerful clawing attack.
Your giant scaled body is strong and resiliant, but less evasive.
You can breathe fire.
You are flying.
Your maximum health is decreased, since you lack skill for your form.
Your armour is entirely melded.
You are incapable of wielding weapons or throwing items.
Your plain brown scales are hard. (AC +6)
You cannot fit into any form of body armour.
((You are cold-blooded and may be slowed by cold attacks.))


Message History

Unknown command.
You maul the orc wizard!!!
You kill the orc wizard!
Something hits you but does no damage.
Unknown command.
You bite something!!
Reactivating autopickup.
You feel a bit more experienced.
You have reached level 6!
Your scales feel tougher.
The orc hits you but does no damage.
Items here: ( ) [ †.
You maul the orc!!!
You kill the orc!
You maul the orc!!!
You kill the orc!
f - 9 boomerangs (gained 3)
Items here: )) [ †.
You start resting.
HP restored.
You start waiting.
A goblin comes into view. It is wielding a +0 club.
The goblin shouts!
Items here: ))))) [[ ††.
You see here a jackal corpse.
You bite the goblin!!
You kill the goblin!
No target in view!
m - a scroll labelled CENUTHR RUFUIJ
p - 3 coppery potions (gained 1)
Found a stone staircase leading down.
There is a stone staircase leading down here.
An orc priest and 2 orcs come into view.
The orc priest is wielding a +1 morningstar of venom.
Found an encrusted mace.
The orc priest shouts!
The orc shouts! x2; You hear a shout! x2
You barely miss the orc priest.
The orc priest hits you with a +1 morningstar of venom!
Ouch! That really hurt!
You die...

###..###### #...#..###.# #.#
#.........# #..##..# #.# #.#
#.#######.# #..##..# *.# #†#
#.# #.# #..##..#**.# #.# #.#
#.# #.......,,.# #†# #.# #.###
#..##..#,*#####.# #.# #...#
#..##..#,*#...... #.#
###.###..##..#,*#.#.### #.#
#.....D..#*,.#.##.#.### #.#
#.#.###o##,,.........##
#.#######.#.#**.#*,,##.##.#...#
#........>#.#*,..*,***,*#..###.
###########..,,..o,,**,*#......
#.#*,..#o**#,*#.#####
#.#**.##.###.*#.#* ## #.#
*..,,.,..##..###. *,*
****,***#...#..†#


You could see an orc priest and 2 orcs.

Vanquished Creatures
  A scorpion (D:4)
  An iguana (D:3)
  Terence (D:3)
  3 orc wizards (D:4)
  2 adders (D:3)
  2 worms (D:2)
  3 dart slugs
  6 orcs (D:4)
  6 bats
  6 endoplasms
  4 giant cockroaches
  8 goblins
  10 hobgoblins
  2 jackals (D:4)
  2 quokkas (D:1)
  6 ball pythons
  3 frilled lizards
  6 kobolds
  7 rats
79 creatures vanquished.

Notes
Turn   | Place    | Note
-------+----------+-------------------------------------------
     0 | D:1      | Newt the Draconian Shapeshifter began the quest for the
                  | Orb.
     0 | D:1      | Reached XP level 1. HP: 16/16 MP: 1/1
     2 | D:1      | Noticed a vampire
     2 | D:1      | Noticed a formicid
     4 | D:1      | Noticed an elf
     4 | D:1      | Noticed a naga
     6 | D:1      | Noticed a gargoyle
     6 | D:1      | Noticed a draconian
     8 | D:1      | Noticed an ogre
     8 | D:1      | Noticed a spriggan
    10 | D:1      | Noticed a troll
    12 | D:1      | Noticed an octopode
    14 | D:1      | Noticed a human
    14 | D:1      | Noticed a felid
    16 | D:1      | Noticed a merfolk
    16 | D:1      | Noticed a meteoran
    18 | D:1      | Noticed an armataur
    18 | D:1      | Noticed a demonspawn
    20 | D:1      | Noticed a tengu
    20 | D:1      | Noticed a vine stalker
    22 | D:1      | Noticed a demigod
    24 | D:1      | Noticed a meteoran
    24 | D:1      | Noticed a minotaur
    26 | D:1      | Noticed a merfolk
   103 | D:1      | Found a faded altar of an unknown god.
   118 | D:1      | Reached XP level 2. HP: 25/25 MP: 2/2
   120 | D:1      | Got Plato's Incunable of Bewitchment
   574 | D:2      | Reached XP level 3. HP: 31/31 MP: 3/3
   752 | D:2      | Found Mifuwnacw's Armour Shop.
  1116 | D:3      | Reached XP level 4. HP: 6/40 MP: 4/4
  1303 | D:3      | Noticed Terence
  1313 | D:3      | Killed Terence
  1339 | D:3      | Found a runed translucent door.
  1340 | D:3      | Noticed bahustanut's ghost (amateur OpSh)
  1362 | D:3      | Found a runed translucent door.
  1364 | D:3      | Found Oddargh's Armour Boutique.
  1457 | D:3      | Found Fucatuth's Magic Scroll Shoppe.
  1464 | D:3      | Bought a scroll of identify for 22 gold pieces
  1464 | D:3      | Bought a scroll of identify for 22 gold pieces
  1464 | D:3      | Bought a scroll of fear for 44 gold pieces
  1625 | D:3      | Reached XP level 5. HP: 6/46 MP: 5/5
  1674 | D:3      | Found a hazy altar of Hepliaklqana.
  1731 | D:3      | Found a radiant altar of Vehumet.
  1851 | D:3      | Found an ancient bone altar of Kikubaaqudgha.
  1852 | D:3      | Found a shimmering blue altar of Sif Muna.
  1858 | D:3      | Got Kikubaaqudgha's Excursus on Spectres
  2073 | D:5      | Entered Level 5 of the Dungeon
  2073 | D:5      | Noticed a black bear
  2073 | D:5      | Noticed an ogre
  2083 | D:4      | Reached XP level 6. HP: 5/52 MP: 6/6
  2187 | D:4      | Slain by an orc priest

Illustrated notes

Levels and vault maps discovered:
D:1:      kb_arrival_jail, layout_rooms, shapermc_ecumenical_altar_rom_forum
D:2:      layout_basic, serial_shops, shop
D:3:      layout_loops_ring, grunt_temple_overflow_magic_moments,
          nicolae_hepliaklqana_hippocampus, serial_shops,
          nicolae_shop_rolling_square, shop, ebering_ghost_sewer_f, uniq_terence
D:4:      layout_loops_ring
D:5:      layout_cave_pods, mainiacjoe_overflow_brackets, serial_glass,
          glass_columns_a, glass_columns_b, glass_columns_a, glass_columns_b,
          glass_columns_a, glass_columns_c, kennysheep_generic_room_9,
          uniq_crazy_yiuf_cottage

Skill      XL: |  1  2  3  4  5 |
---------------+----------------+-----
Fighting       | 2 3 4 |  4.0
Dodging        | 2 3 4 |  4.9
Unarmed Combat | |  3.0
Shapeshifting  | |  3.0

Action                     |  1- 3 |  4- 6 || total
---------------------------+-------+-------++-------
  Melee: Unarmed           |   100 |    42 ||   142
         Punch             |     2 |       ||     2
         Tailslap          |     3 |     2 ||     5
         Bite              |       |     1 ||     1
    Use: Scroll            |     5 |     6 ||    11
         Potion            |       |     1 ||     1
   Stab: Sleeping          |     3 |     3 ||     6
 Armour: Skin              |    26 |    16 ||    42
  Dodge: Dodged            |    57 |     8 ||    65
   Form: Dragon            |     1 |       ||     1

Table legend: (Time is in decaauts)
 A = Elapsed time spent in this place.
 B = Non-inter-level travel time spent in this place.
 C = Inter-level travel time spent in this place.
 D = Time resting spent in this place.
 E = Time spent auto-exploring this place.
 F = Levels seen in this place.
 G = Mean time per level.
                   A        B        C        D        E       F      G
               +--------+--------+--------+--------+--------+-----+--------+
         Total |   2181 |   2086 |     95 |    138 |   1541 |   5 |  436.2 |
       Dungeon |   2181 |   2086 |     95 |    138 |   1541 |   5 |  436.2 |
               +--------+--------+--------+--------+--------+-----+--------+

Top non-repeatable levels by time:
     D:3: 797 daAuts
     D:1: 569 daAuts
     D:2: 533 daAuts
     D:4: 278 daAuts
     D:5: 1 daAuts
